 Dungeon Crawl Stone Soup version 0.31.0-11-ge490571c62 (webtiles) character file.

Game seed: 1553226753357997969

30 qw the Shooter (level 3, 0/20 HPs)
             Began as a Deep Elf Hunter on Feb 4, 2024.
             Slain by a ribbon worm (8 damage)
             ... on level 2 of the Dungeon.
             The game lasted 00:00:04 (902 turns).

qw the Shooter (Deep Elf Hunter)                     Turns: 902, Time: 00:00:05

Health: 0/20       AC:  3    Str: 10    XL:     3   Next: 3%
Magic:  5/5        EV:  6    Int: 13    God:
Gold:   62         SH:  0    Dex: 18    Spells: 2/2 levels left

rFire   . . .        a - +0 shortbow
rCold   . . .        (shield currently unavailable)
rNeg    . . .        c - +0 leather armour
rPois   .            (no helmet)
rElec   .            (no cloak)
rCorr   .            (no gloves)
SInv    .            (no boots)
Will    .....        (no amulet)
Stlth   ++           (no ring)
HPRegen 0.23/turn    (no ring)
MPRegen 0.09/turn

%: no passive effects
@: held
A: no striking features
a: no special abilities


You were on level 2 of the Dungeon.
You visited 1 branch of the dungeon, and saw 2 of its levels.

You collected 62 gold pieces.


   Skills:
 - Level 1.5 Fighting
 + Level 6.6 Ranged Weapons
 - Level 2.4 Dodging
 - Level 1.2 Stealth


You had 2 spell levels left.
You didn't know any spells.
Your spell library was empty.

Inventory:

Hand Weapons
 a - a +0 shortbow (weapon)
Armour
 c - a +0 leather armour (worn)
 d - a +0 helmet
Scrolls
 b - a scroll of noise {unknown}
 e - a scroll of enchant weapon {unknown}
Potions
 f - a potion of resistance
 g - a potion of cancellation {unknown}
 h - a potion of haste {unknown}
 i - a potion of enlightenment {unknown}
 k - a potion of mutation {unknown}
 l - a potion of attraction {unknown}

Dungeon Overview and Level Annotations

Branches:
Dungeon (2/15)

Altars:


Message History

You now have 46 gold pieces (gained 16).
You now have 55 gold pieces (gained 9).
You open the door.
Found a stone staircase leading down.
There is an open door here.
You open the door.
There is an open door here.
You now have 62 gold pieces (gained 7).
Found a leather armour.
As you open the door, it creaks loudly!
A ribbon worm and a bat come into view.
The bat hits you but does no damage.
The ribbon worm expels a string of sticky webbing.
The stream of webbing hits you but does no damage.
You are caught in a web!
The web tears apart.
The bat hits you but does no damage.
You shoot an arrow. The arrow hits the ribbon worm!
The ribbon worm is heavily wounded.
The ribbon worm barely misses you.
You shoot an arrow. The arrow hits the ribbon worm!
The ribbon worm is almost dead.
The ribbon worm closely misses you.
You shoot an arrow.
The arrow hits the ribbon worm but does no damage.
The ribbon worm is severely wounded.
The ribbon worm expels a string of sticky webbing.
The stream of webbing hits you but does no damage.
You are caught in a web!
The ribbon worm closely misses you. The ribbon worm bites you!
The ribbon worm expels a string of sticky webbing.
The stream of webbing misses you. The ribbon worm barely misses you.
The ribbon worm expels a string of sticky webbing.
The stream of webbing misses you. The ribbon worm bites you.
The ribbon worm bites you. The ribbon worm bites you!
You die...

##.# ###.......'.#
##.# .. +.......#.#
##.#.####.......#.#
........+.>.....#.#
####.####.........#
....<.. #........##
#######.#........#
# #........# #
.......@# #
[.#####w# ###. .
.b. .... ....# ##..
.....# # ......# #
.......# #
#+#####+## # .#
#.#####...


You could see a ribbon worm and a bat.

Vanquished Creatures
  A dart slug (D:2)
  4 ball pythons (D:1)
  2 bats (D:1)
  3 giant cockroaches (D:1)
  2 hobgoblins (D:1)
  6 kobolds
  2 quokkas (D:1)
  2 frilled lizards (D:1)
  2 rats
24 creatures vanquished.

Notes
Turn   | Place    | Note
-------+----------+-------------------------------------------
     0 | D:1      | qw the Deep Elf Hunter began the quest for the Orb.
     0 | D:1      | Reached XP level 1. HP: 12/12 MP: 3/3
     0 | D:1      | 0 ||| qw: Version: 0.3-a-160-g6735b56
     0 | D:1      | 0 ||| qw: Game counter: 6049
     0 | D:1      | 0 ||| qw: Melee chars always use a shield: true
     0 | D:1      | 0 ||| qw: God list: Okawaru
     0 | D:1      | 0 ||| qw: Allow faded altars: false
     0 | D:1      | 0 ||| qw: Do Orc after clearing Dungeon:15 true
     0 | D:1      | 0 ||| qw: Do second Lair branch before Depths: true
     0 | D:1      | 0 ||| qw: Lair rune preference: random
     0 | D:1      | 0 ||| qw: Goals: Normal
     0 | D:1      | 0 ||| PLANNING D:1-11
   209 | D:1      | Reached XP level 2. HP: 16/16 MP: 4/4
   238 | D:1      | Reached skill level 6 in Ranged Weapons
   582 | D:1      | Found a faded altar of an unknown god.
   724 | D:1      | 724 ||| READING 2 scrolls labelled VIGGAR KATIL FYHOC.
   724 | D:1      | 724 ||| IDENTIFYING inky potion
   725 | D:1      | 725 ||| READING scroll of identify.
   725 | D:1      | 725 ||| IDENTIFYING fizzy blue potion
   726 | D:1      | 726 ||| READING scroll labelled MESTOG BEYGAN.
   727 | D:1      | 727 ||| READING scroll labelled ETIBEG ANIABI.
   732 | D:1      | 732 ||| DROPPING scroll of butterflies.
   733 | D:1      | 733 ||| DROPPING potion of brilliance.
   828 | D:2      | Reached XP level 3. HP: 20/20 MP: 5/5
   902 | D:2      | Slain by a ribbon worm

Levels and vault maps discovered:
D:1:      minmay_arrival_four_circles, layout_basic,
          chequers_ecumenical_altar_simple
D:2:      minmay_diamond_boxcup, layout_basic

Skill      XL: |  1  2 |
---------------+-------+-----
Ranged Weapons | 6 |  6.6
Fighting       | |  1.5
Dodging        | |  2.4
Stealth        | |  1.2

Action                     || total
---------------------------++-------
   Fire: Shortbow          ||    58
    Use: Scroll            ||     4
 Armour: Leather armour    ||    16
  Dodge: Dodged            ||    17

Table legend:
 A = Non-vault XP
 B = Vault XP
 C = Vault XP percentage of total XP
 D = Non-vault monster count
 E = Vault monster count
 F = Vault count percentage of total count
                 A         B        C        D         E       F
            +---------+---------+-------+---------+---------+-------
      Total |      43 |       0 |   0.0 |      24 |       0 |   0.0
            +---------+---------+-------+---------+---------+-------
        D:1 |      36 |       0 |   0.0 |      21 |       0 |   0.0
        D:2 |       7 |       0 |   0.0 |       3 |       0 |   0.0
            +---------+---------+-------+---------+---------+-------
